Map: King's Cove LE

Players

wootwoot - Winner!

  • Race: Protoss Protoss
  • League: Diamond
  • Spawn Location: 11:00

UnderBob

  • Race: Zerg Zerg
  • League: Diamond
  • Spawn Location: 5:00

VOD

Have the link to the VOD?

Description

Time

  • Played on: April 2, 2025, 12:20 a.m.
  • Length: 4:13
Show
View Real Time Build Order
Export as new Build Order

wootwoot Protoss - Winner!

Build Orders:  

Get SALT Encoding   

  12  0:01  Probe  
  13  0:13  Probe  
  14  0:19  Pylon  
  14  0:25  Probe  
  15  0:38  Gateway  
  15  0:41  Assimilator  
  15  0:49  Pylon  
  15  1:07  Gateway  
  15  1:14  Gateway  
  15  1:29  Cybernetics Core  
  15  1:34  Probe  
  16  1:46  Probe  
  17  1:48  Warp Gate  
  17  1:53  Stalker x2  
  21  2:19  Stalker  
  21  2:20  Probe  
  24  2:32  Probe  
  24  2:36  Stalker  
  27  2:48  Gateway  
  27  2:52  Probe  
  27  2:58  Stalker  
  30  3:15  Pylon  
  30  3:38  Zealot x3  
  36  3:45  Zealot  
  38  4:12  Pylon  
  38  4:13  Pylon  
Show
View Real Time Build Order
Export as new Build Order

UnderBob Zerg 

Build Orders: Hatch First 

Get SALT Encoding   

  12  0:00  Drone  
  13  0:13  Overlord  
  13  0:18  Drone  
  14  0:31  Drone x2  
  14  0:35  Drone  
  17  0:53  Hatchery  
  17  0:54  Drone  
  17  1:02  Drone  
  18  1:08  Extractor  
  17  1:17  Spawning Pool  
  16  1:24  Drone x2  
  18  1:36  Drone  
  19  1:47  Drone  
  20  2:06  Zergling x6  
  20  2:07  Queen x2  
  27  2:13  Zergling x2  
  28  2:17  Metabolic Boost  
  28  2:24  Overlord  
  27  2:41  Zergling x2  
  27  2:49  Zergling x10  
  30  3:00  Zergling x2  
  30  3:01  Zergling x2  
  31  3:11  Spine Crawler  
  26  3:29  Spine Crawler, Zergling x6  
  27  3:40  Zergling x4  
  28  3:44  Zergling x4  
  28  3:45  Overlord  
Tags
 
Matchup
PvZ
Replay Pack
B2M-Replays
Spawn Locations
Cross Positions
Add a new tag
Caveats
  • Supply blocks, unpowered buildings, or Contaminate may cause inaccurate times.
  • Supply counts are checked every 10 seconds.